 Dungeon Sprint DCSS version 0.22.1-1-ga44c0e5 (webtiles) character file.

7 doot the Skirmisher (level 2, -1/26 HPs)
             Began as a Ghoul Warper on Oct 17, 2018.
             Slain by a worker ant (2 damage)
             ... in the Dungeon (Sprint IX: "|||||||||||||||||||||||||||||").
             The game lasted 00:00:15 (168 turns).

doot the Skirmisher (Ghoul Warper)                   Turns: 168, Time: 00:00:16

Health: -1/26      AC:  3    Str: 14    XL:     2   Next: 0%
Magic:  4/4        EV: 12    Int:  8    God:
Gold:   0          SH:  0    Dex:  8    Spells: 5/5 levels left

rFire    . . .     SeeInvis .     - Unarmed
rCold    + . .     Gourm    .   (no shield)
rNeg     + + +     Faith    .   a - +0 leather armour
rPois    ∞         Spirit   .   (no helmet)
rElec    .         Reflect  .   (no cloak)
rCorr    .         Harm     .   (no gloves)
MR       .....     NoTele   +   (no boots)
Stlth    +.........             (no amulet)
HPRegen  0.00/turn              (no ring)
MPRegen  0.09/turn              (no ring)

@: rotting
A: rotting body, claws 1, carnivore, cold resistance 1, negative energy
resistance 3, inhibited regeneration, torment resistance, unbreathing
a: no special abilities


You were in the Dungeon.
You were not hungry.

You visited 1 branch

Inventory:

Missiles
 d - 5 tomahawks of dispersal (quivered)
Armour
 a - a +0 leather armour (worn)
Scrolls
 c - 2 scrolls of blinking
Potions
 e - a potion of curing
 g - a potion of heal wounds
 h - a potion of haste
 i - 2 potions of magic
 j - a potion of berserk rage
Comestibles
 b - a chunk of flesh
 f - a ration


   Skills:
 + Level 3.0 Fighting
 + Level 1.0 Throwing
 + Level 1.1 Armour
 + Level 2.2 Dodging
 + Level 2.9 Unarmed Combat
 + Level 2.3 Spellcasting
   Level 2.6 Translocations


You had 5 spell levels left.
You didn't know any spells.
Your spell library contained the following spells:

 Spells                   Type           Power        Failure   Level  Hunger
 Blink                    Tloc           N/A          22%         2    ###....
 Shroud of Golubria       Chrm/Tloc      #.........   36%         2    ###....
 Gell's Gravitas          Tloc           #.........   38%         3    ####...
 Lesser Beckoning         Tloc           #.........   38%         3    ####...
 Teleport Other           Tloc           #.......     38%         3    ####...
 Passage of Golubria      Tloc           N/A          80%         4    #####..


Dungeon Overview and Level Annotations

Branches:
Dungeon (1/1)

Altars:


Innate Abilities, Weirdness & Mutations

Your body is rotting away.
You thrive on raw meat.
You are immune to poison.
You have sharp fingernails.
You are carnivorous and can eat meat at any time.
Your flesh is cold resistant. (rC+)
You are immune to negative energy. (rN+++)
You do not regenerate when monsters are visible.
You are immune to unholy pain and torment.
You can survive without breathing.


Message History

The worker ant is moderately wounded.
The worker ant bites you.
* * * LOW HITPOINT WARNING * * *
Your leather armour prevents you from hitting the worker ant.
The worker ant is moderately wounded.
The worker ant closely misses you.
You scratch the worker ant.
The worker ant is moderately wounded.
The worker ant bites you.
* * * LOW HITPOINT WARNING * * *
You closely miss the worker ant.
The worker ant is moderately wounded.
The worker ant bites you but does no damage.
You closely miss the worker ant.
The worker ant is moderately wounded.
The worker ant closely misses you. x2
You scratch the worker ant.
The worker ant is severely wounded.
The worker ant bites you.
You die...

▓.▓
▓.▓
▓.▓
▓'▓
▓.▓
▓.▓
▓.▓
▓.▓
▓@▓
▓a▓
▓o▓
▓O▓
▓S▓
▓.▓
▓.▓
▓+▓


You could see an ogre, a worker ant, an adder and an orc.

Vanquished Creatures
  2 bats (D)
  A bat skeleton (D)
  A hobgoblin (D)
  2 rats (D)
6 creatures vanquished.

Vanquished Creatures (others)
  A spatial maelstrom (D)
1 creature vanquished.

Grand Total: 7 creatures vanquished

Notes
Turn   | Place    | Note
-------+----------+-------------------------------------------
     0 | D        | doot the Ghoul Warper began the quest for the Orb.
     0 | D        | Reached XP level 1. HP: 17/17 MP: 2/2
    16 | D        | Reached skill level 1 in Throwing
    16 | D        | Reached skill level 1 in Armour
    21 | D        | Banished a spatial maelstrom
   149 | D        | Noticed a worker ant
   149 | D        | Noticed an ogre
   153 | D        | Reached skill level 3 in Fighting
   153 | D        | Reached XP level 2. HP: 23/26 MP: 4/4
   165 | D        | HP: 1/26 [worker ant (1)]
   168 | D        | Slain by a worker ant

Skill      XL: |  1 |
---------------+----+-----
Spellcasting   | 2 |  2.3
Throwing       | 1 |  1.0
Armour         | 1 |  1.1
Dodging        | 2 |  2.2
Fighting       | 3 |  3.0
Unarmed Combat | |  2.9
Translocations | |  2.6

Action                   || total
-------------------------++-------
Melee: Unarmed           ||    42
  Eat: Chunk             ||     2
Armor: Leather armour    ||    12
Dodge: Dodged            ||    27
